 Dungeon Crawl Stone Soup version 0.31-a0-459-gc8a9bf3d51 (webtiles) character file.

Game seed: 7089708563485475519

5138 Ethylacetat the Mimic (level 10, -3/57 HPs)
             Began as a Vine Stalker Monk on Aug 4, 2023.
             Was an Initiate of Ashenzari.
             Succumbed to a hornet's poison
             ... while paralysed by a hornet
             ... on level 8 of the Dungeon.
             The game lasted 00:16:41 (6395 turns).

Ethylacetat the Mimic (Vine Stalker Monk)           Turns: 6395, Time: 00:16:42

Health: -3/57      AC:  9    Str: 19    XL:     10   Next: 58%
Magic:  7/30       EV:  1    Int: 10    God:    Ashenzari [......]
Gold:   302        SH:  0    Dex: 21    Spells: 22/22 levels left

rFire   . .          .
                       - Unarmed
rCold   . . .        c - melded orb {light}
rNeg    + . .        x - melded +0 steam dragon scales
rPois   .            (helmet currently unavailable)
rElec   .            (cloak currently unavailable)
rCorr   .            f - melded +0 pair of gloves of the Fated Mistrust {Stlth+, Melee, Self} (curse)
SInv    .            (boots currently unavailable)
Will    +....        (no amulet)
Stlth   +            o - ring of magical power
HPRegen 1.09/turn    l - ring of positive energy
MPRegen 0.22/turn

%: guardian spirit
@: confused, paralysed, lethally poisoned (-3 -> -15), snake-form,
ambrosia-drunk, slowed
A: constrict, large, (fangs 3), regeneration 1, magic shield, (antimagic bite),
no potion heal 2
a: Begin Untransformation, Renounce Religion, Curse Item, Shatter the Chains


You were on level 8 of the Dungeon.
You worshipped Ashenzari.
Ashenzari was noncommittal.
You were an enormous anaconda.
You visited 2 branches of the dungeon, and saw 9 of its levels.

You collected 445 gold pieces.
You spent 143 gold pieces at shops.

Inventory:

Hand Weapons
 w - a +2 broad axe of distortion
Missiles
 v - a throwing net
Armour
 a - a +0 robe
 c - an orb of light (melded)
 f - the cursed +0 pair of gloves of the Fated Mistrust (melded) {Stlth+, Melee, Self}
   (You found it on level 1 of the Dungeon)

   It has a curse which improves the following skills: Melee Combat: Short
   Blades, Long Blades, Axes, Maces & Flails, Polearms, Staves and Unarmed
   Combat.
   Introspection: Fighting and Spellcasting.
 x - +0 steam dragon scales (melded)
Jewellery
 l - a ring of positive energy (right hand)
 o - a ring of magical power (left hand)
Talismans
 h - a serpent talisman (active)
Wands
 u - a wand of digging (5)
 y - a wand of charming (11)
 z - a wand of roots (17)
 A - a wand of mindburst (23)
 C - a wand of flame (45)
Scrolls
 d - 8 scrolls of identify {unknown}
 e - 5 scrolls of teleportation {unknown}
 i - 3 scrolls of blinking {unknown}
 k - a scroll of summoning {unknown}
 m - 2 scrolls of revelation {unknown}
 q - 3 scrolls of fear {unknown}
 s - 3 scrolls of immolation {unknown}
 t - a scroll of noise {unknown}
Potions
 b - a potion of ambrosia
 g - a potion of mutation {unknown}
 j - 5 potions of curing
 n - 4 potions of heal wounds {unknown}
 p - 2 potions of lignification
 r - 2 potions of enlightenment {unknown}
 B - 2 potions of might
 D - a potion of invisibility {unknown}


   Skills:
 + Level 6.9 Fighting
 - Level 2.4 Dodging
 + Level 7.7 Unarmed Combat
 + Level 6.7 Spellcasting
 * Level 8.0 Shapeshifting


You had 22 spell levels left.
You didn't know any spells.
Your spell library contained the following spells:

 Spells                   Type           Power      Damage    Failure   Level
 Necrotise                Necr           12%        1d4       19%         1
 Ensorcelled Hibernation  Hex/Ice        6%         N/A       28%         2
 Ozocubu's Armour         Ice            3%         N/A       50%         3
 Vampiric Draining        Necr           3%         2d6       50%         3
 Anguish                  Hex/Necr       1%         N/A       88%         4
 Agony                    Necr           3%         N/A       99%         5
 Metabolic Englaciation   Hex/Ice        1%         N/A       99%         5
 Simulacrum               Ice/Necr       1%         N/A       100%        6


Dungeon Overview and Level Annotations

Branches:
Dungeon (8/15)             Temple (1/1) D:6            Lair (0/5) D:8

Altars:
Ashenzari
Cheibriados
Dithmenos
Elyvilon
Fedhas
Gozag
Hepliaklqana
Kikubaaqudgha
Makhleb
Nemelex Xobeh
Okawaru
Qazlal
Ru
Sif Muna
Trog
Uskayaw
Vehumet
Wu Jian
Xom
Yredelemnul
Zin
The Shining One

Shops:
D:5 =((   D:6 ![[

Annotations:
Temple 2 transporters


Innate Abilities, Weirdness & Mutations

You are an enormous anaconda.
You have a powerful constriction melee attack.
Your armour is entirely melded.
You are incapable of wielding weapons or throwing items.
((You have razor-sharp teeth.))
Your natural rate of healing is unusually fast.
When hurt, damage is shared between your health and your magic reserves.
((Your bite disrupts and absorbs the magic of your enemies.))
Potions cannot restore your health.


Message History

You lose your grip on the hornet.
The hornet stings you.
You are poisoned.
You shrug off the repeated paralysis!
The hornet stings you!
* * * LOW HITPOINT WARNING * * *
You feel as though you will be slow longer.
You feel very sick. The hornet stings you!
* * * LOW HITPOINT WARNING * * *
You are more poisoned.
You shrug off the repeated paralysis!
You can move again.
Your system rejects the healing.
You feel better. The hornet closely misses you.
The hornet completely misses you.
You are confused.
Your system rejects the healing.
You feel invigorated.
The hornet stings you but does no damage.
The hornet closely misses you.
You barely miss the hornet.
The hornet is heavily wounded.
The hornet barely misses you. The hornet closely misses you.
You bump into the rock wall.
The hornet stings you.
You are poisoned.
You feel as though you will be slow longer.
The hornet stings you!
* * * LOW HITPOINT WARNING * * *
You feel as though you will be slow longer.
You closely miss the hornet.
The hornet is heavily wounded.
* * * LOW HITPOINT WARNING * * *
You feel very sick. The hornet stings you!
* * * LOW HITPOINT WARNING * * *
You feel as though you will be slow longer.
The hornet stings you.
* * * LOW HITPOINT WARNING * * *
You are more poisoned.
You suddenly lose the ability to move!
The hornet stings you but does no damage.
You die...

### #########... #####
..........# ....#
..........### .....#
.............#####......
.............#...y......
.###.........+..S†......
...#.........#'###......
...#.####.#......# .....
...#.####.#......# ....
...#......#......#.. ...
...#..##...........# ..
...+.........#....## .
...##.#......#....#
....#.#......#......


You could see a hornet.

Vanquished Creatures
  A two-headed ogre (D:8)
  Maurice (D:8)
  Maggie (D:6)
  Grinder (D:3)
  A hornet (D:8)
  A wyvern (D:6)
  Menkaure (D:5)
  2 water moccasins
  Duvessa (D:6)
  4 black bears
  An orc warrior (D:8)
  A sky beast (D:7)
  An ice beast (D:8)
  A centaur (D:8)
  3 ogres
  The ghost of confidenceinterval the Changeling, an amateur MfSh (D:3)
  2 phantoms
  A bullfrog (D:8)
  Blork the orc (D:4)
  4 scorpions
  4 wights
  Dowan (D:6)
  A howler monkey (D:8)
  Crazy Yiuf (D:3)
  6 hounds
  4 gnoll boudas
  3 orc priests
  2 jellies
  2 sleepcaps (D:6)
  3 iguanas
  6 orc wizards
  17 gnolls
  9 adders
  A white imp (D:8)
  2 worms
  5 dart slugs
  29 orcs
  3 endoplasms
  10 giant cockroaches (D:2)
  8 goblins
  7 hobgoblins
  7 kobolds
  6 quokkas
  5 ball pythons
  4 bats
  7 frilled lizards
  5 rats
188 creatures vanquished.

Notes
Turn   | Place    | Note
-------+----------+-------------------------------------------
     0 | D:1      | Ethylacetat the Vine Stalker Monk began the quest for the
                  | Orb.
     0 | D:1      | Reached XP level 1. HP: 11/11 MP: 2/2
   165 | D:1      | Reached XP level 2. HP: 16/16 MP: 3/3
   202 | D:1      | Reached skill level 1 in Spellcasting
   227 | D:1      | Reached XP level 3. HP: 11/20 MP: 5/5
   995 | D:2      | Gained mutation: Your natural rate of healing is unusually
                  | fast. [Vine Stalker growth]
   995 | D:2      | Reached XP level 4. HP: 5/24 MP: 6/6
  1002 | D:2      | Reached skill level 1 in Shapeshifting
  1198 | D:2      | Reached XP level 5. HP: 8/28 MP: 8/8
  1476 | D:3      | Found a faded altar of an unknown god.
  1609 | D:3      | Reached skill level 2 in Shapeshifting
  1773 | D:3      | Reached XP level 6. HP: 12/32 MP: 7/10
  1952 | D:3      | Noticed Grinder
  1959 | D:3      | Killed Grinder
  1960 | D:3      | Reached skill level 3 in Shapeshifting
  2053 | D:3      | Found a runed translucent door.
  2080 | D:3      | Noticed confidenceinterval's ghost (amateur MfSh)
  2089 | D:3      | Reached XP level 7. HP: 18/37 MP: 10/12
  2104 | D:3      | Killed confidenceinterval's ghost
  2318 | D:3      | Found a runed translucent door.
  2319 | D:3      | Noticed Crazy Yiuf
  2325 | D:3      | Killed Crazy Yiuf
  2575 | D:4      | Noticed Blork the orc
  2585 | D:4      | Killed Blork the orc
  2673 | D:4      | Reached skill level 5 in Unarmed Combat
  2747 | D:4      | Reached skill level 4 in Shapeshifting
  2897 | D:4      | Gained mutation: You have razor-sharp teeth. [Vine Stalker
                  | growth]
  2897 | D:4      | Reached XP level 8. HP: 20/42 MP: 8/14
  3444 | D:5      | Entered Level 5 of the Dungeon
  3714 | D:5      | Found Rykiorisarph's Jewellery Shop.
  3717 | D:5      | Found Postul's Antique Weapon Shop.
  3721 | D:5      | Found Xakaatig's Antique Weapon Shop.
  3725 | D:5      | Found Fupniygg's Weapon Shop.
  3791 | D:5      | Noticed Menkaure
  3804 | D:5      | Killed Menkaure
  3805 | D:5      | Reached skill level 5 in Fighting
  3805 | D:5      | Reached skill level 5 in Shapeshifting
  4140 | D:5      | Reached XP level 9. HP: 9/47 MP: 3/17
  4466 | D:6      | Reached skill level 5 in Spellcasting
  4481 | D:6      | Found a staircase to the Ecumenical Temple.
  4487 | D:6      | Noticed Maggie
  4491 | Temple   | Found a transporter.
  4491 | Temple   | Found a transporter.
  4491 | Temple   | Found a transporter.
  4491 | Temple   | Found a transporter.
  4491 | Temple   | Entered the Ecumenical Temple
  4505 | Temple   | Became a worshipper of Ashenzari the Shackled
  4512 | Temple   | Identified the cursed +0 pair of gloves of the Fated
                  | Mistrust {Stlth+, Melee, Self} (You found it on level 1 of
                  | the Dungeon)
  4547 | D:6      | Killed Maggie
  4548 | D:6      | Reached skill level 6 in Shapeshifting
  4824 | D:6      | Found Amoat's Distillery.
  4848 | D:6      | Bought a potion of curing for 39 gold pieces
  4848 | D:6      | Bought a potion of lignification for 39 gold pieces
  4848 | D:6      | Bought a potion of might for 52 gold pieces
  4848 | D:6      | Bought a potion of degeneration for 13 gold pieces
  4955 | D:6      | Noticed Dowan
  4955 | D:6      | Noticed Duvessa
  4967 | D:6      | Killed Duvessa
  4970 | D:6      | Killed Dowan
  5076 | D:6      | Found Doxan's Armour Emporium.
  5254 | D:6      | Found Yfi Xasy's Armour Shop.
  5593 | D:7      | Reached skill level 7 in Shapeshifting
  5821 | D:7      | Reached XP level 10. HP: 51/53 MP: 20/20
  5921 | D:7      | Found a sparkling altar of Nemelex Xobeh.
  5928 | D:7      | Found a glowing golden altar of the Shining One.
  5929 | D:7      | Found a sacrificial altar of Ru.
  6071 | D:8      | Found a staircase to the Lair.
  6110 | D:8      | Noticed a two-headed ogre
  6118 | D:8      | Killed a two-headed ogre
  6235 | D:8      | Noticed Maurice
  6243 | D:8      | Killed Maurice
  6385 | D:8      | Reached skill level 8 in Shapeshifting
  6387 | D:8      | Paralysed by a hornet for 3 turns
  6389 | D:8      | HP: 1/57 [hornet (8)]
  6394 | D:8      | HP: 2/57 [hornet (2)]
  6394 | D:8      | Paralysed by a hornet for 3 turns
  6395 | D:8      | Succumbed to a hornet's poison

Illustrated notes

Levels and vault maps discovered:
D:1:      dpeg_arrival_morbid_curiosity, layout_basic
D:2:      minmay_roachtagon, layout_basic, kennysheep_generic_room_14
D:3:      layout_loops_ring, ebering_ecumenical_altar_abandoned,
          ebering_ghost_sewer_d, nrook_loot_triangle, minmay_misc_feat_x,
          minmay_checkerbox, uniq_crazy_yiuf_cottage, uniq_grinder
D:4:      layout_loops_ring, uniq_blork_the_orc
D:5:      layout_basic, minmay_shop_grid_forest, uniq_menkaure
D:6:      layout_rooms, minmay_temple_entry_wispy, serial_shops,
          nicolae_shop_real_fake_doors, shop, nicolae_shop_behind_doors,
          minmay_microvault, uniq_maggie, uniq_duvessa
D:7:      layout_cave_pools, minitemple
D:8:      layout_basic, grunt_lair_entry_orc_guard_hut, uniq_maurice
Temple:   hellmonk_temple_divided_pantheon

Skill      XL: |  1  2  3  4  5  6  7  8  9 10 |
---------------+-------------------------------+-----
Spellcasting   | 1 2 3 4 6 |  6.7
Fighting       | 3 4 5 6 |  6.9
Shapeshifting  | 1 2 3 4 5 7 8 |  8.0
Unarmed Combat | 4 5 6 7 |  7.7
Dodging        | |  2.4

Action                     |  1- 3 |  4- 6 |  7- 9 | 10-12 || total
---------------------------+-------+-------+-------+-------++-------
  Melee: Unarmed           |    57 |    89 |   299 |    41 ||   486
         Bite              |    10 |       |       |       ||    10
         Constrict         |     5 |    20 |    64 |     9 ||    98
 Invoke: Curse Item        |       |       |     1 |       ||     1
  Evoke: Wand              |       |       |       |     6 ||     6
    Use: Potion            |       |       |       |     2 ||     2
   Stab: Sleeping          |     1 |     2 |     3 |     1 ||     7
 Armour: Robe              |     3 |       |       |       ||     3
         Skin              |    12 |    22 |    93 |    13 ||   140
  Dodge: Dodged            |    26 |    39 |   115 |    33 ||   213
   Form: Anaconda          |     1 |       |     2 |       ||     3
                           |       |       |     2 |       ||     2

Table legend: (Time is in decaauts)
 A = Elapsed time spent in this place.
 B = Non-inter-level travel time spent in this place.
 C = Inter-level travel time spent in this place.
 D = Time resting spent in this place.
 E = Time spent auto-exploring this place.
 F = Levels seen in this place.
 G = Mean time per level.
                   A        B        C        D        E       F      G
               +--------+--------+--------+--------+--------+-----+--------+
         Total |   6352 |   6181 |    171 |    246 |   4756 |   9 |  705.8 |
       Dungeon |   6309 |   6147 |    162 |    246 |   4756 |   8 |  788.6 |
        Temple |     42 |     33 |      9 |      0 |      0 |   1 |   42.0 |
               +--------+--------+--------+--------+--------+-----+--------+

Top non-repeatable levels by time:
     D:4: 1020 daAuts
     D:3: 988 daAuts
     D:5: 967 daAuts
     D:6: 900 daAuts
     D:1: 840 daAuts
     D:7: 668 daAuts
     D:2: 574 daAuts
     D:8: 350 daAuts
  Temple: 42 daAuts
